 Dungeon Crawl Stone Soup version 0.29.1-12-g30fa7ad0bf (webtiles) character file.

Game seed: 10939203876238038648

3315 sankara the Protected (level 10, -1/64 HPs)
             Began as a Gargoyle Fighter on Jan 7, 2023.
             Was a Priest of Okawaru.
             Slain by an orc warlord
             ... wielding a +3 broad axe
              (18 damage)
             ... in a bailey.
             The game lasted 00:17:21 (7221 turns).

sankara the Protected (Gargoyle Fighter)            Turns: 7221, Time: 00:17:22

Health: -1/64      AC: 25    Str: 23    XL:     10   Next: 1%
Magic:  0/12       EV: 10    Int: 10    God:    Okawaru [***...]
Gold:   451        SH:  6    Dex: 13    Spells: 9/9 levels left

rFire   . . .      SeeInvis .   a - +12 dagger "Nafiv" {venom, rElec rPois Str+4}
rCold   . . .      Faith    .   c - +0 buckler
rNeg    + . .      Spirit   +   z - +0 plate armour
rPois   ∞          Reflect  .   (no helmet)
rElec   +          Harm     .   A - scarf {repulsion}
rCorr   .          Rampage  .   m - +0 pair of gloves
Will    .....                   (no boots)
Stlth   ..........              w - amulet of guardian spirit
HPRegen 0.20/turn               (no ring)
MPRegen 0.13/turn               (no ring)

@: about to teleport, heroic, repel missiles
A: sickness immunity, AC +7, negative energy resistance 1, electricity
resistance, torment resistance 1, petrification resistance
a: Renounce Religion, Heroism


You were in a bailey.
You worshipped Okawaru.
Okawaru was most pleased with you.
You visited 2 branches of the dungeon, and saw 9 of its levels.
You also visited: Bailey.

You collected 451 gold pieces.

Inventory:

Hand Weapons
 a - the +12 dagger "Nafiv" (weapon) {venom, rElec rPois Str+4}
   (You found it on level 2 of the Dungeon)

   It poisons the flesh of those it strikes.
   Str:       It affects your strength (+4).
   rElec:     It insulates you from electricity.
   rPois:     It protects you from poison.
 k - a +0 flail
 s - a +0 sling
Missiles
 o - 10 poisoned darts
 v - 6 datura-tipped darts
 x - 16 boomerangs (quivered)
 B - 2 boomerangs of dispersal
Armour
 c - a +0 buckler (worn)
 m - a +0 pair of gloves (worn)
 z - a +0 plate armour (worn)
 A - a scarf of repulsion (worn)
Jewellery
 h - a ring of ice
 w - an amulet of guardian spirit (around neck)
Wands
 y - a wand of polymorph (7)
 C - a wand of iceblast (3)
 D - a wand of mindburst (10)
Scrolls
 e - 6 scrolls of identify
 f - 3 scrolls of teleportation
 i - 4 scrolls of magic mapping
 j - 2 scrolls of amnesia {unknown}
 p - a scroll of blinking {unknown}
 q - 2 scrolls of vulnerability {unknown}
 r - 4 scrolls of butterflies {unknown}
 u - 2 scrolls of enchant armour {unknown}
 E - a scroll of summoning {unknown}
 F - a scroll of fear {unknown}
Potions
 b - 2 potions of haste
 d - 5 potions of might
 g - 2 potions of heal wounds {unknown}
 l - 2 potions of curing
 n - 3 potions of attraction
 t - 2 potions of degeneration


   Skills:
 + Level 7.9(12.9) Fighting
 - Level 5.0(10.0) Short Blades
 - Level 2.9(7.9) Maces & Flails
 * Level 1.6(6.6) Throwing
 + Level 9.4(14.4) Armour
 + Level 2.3(7.3) Dodging
 - Level 3.0(8.0) Stealth
 - Level 5.0(10.0) Shields
 + Level 3.3 Invocations
 * Level 0.9 Evocations


You had 9 spell levels left.
You didn't know any spells.
Your spell library contained the following spells:

 Spells                   Type           Power      Damage    Failure   Level
 Ensorcelled Hibernation  Hex/Ice        0%         N/A       99%         2
 Passwall                 Tmut/Erth      0%         N/A       99%         2
 Conjure Flame            Conj/Fire      0%         6-21      100%        3
 Gell's Gravitas          Tloc           0%         N/A       100%        3
 Ignite Poison            Fire/Tmut/Pois 0%         N/A       100%        3
 Lesser Beckoning         Tloc           0%         N/A       100%        3
 Swiftness                Air            0%         N/A       100%        3
 Teleport Other           Tloc           0%         N/A       100%        3
 Sticky Flame             Conj/Fire      0%         2d3       100%        4


Dungeon Overview and Level Annotations

Branches:
Dungeon (8/15)             Temple (1/1) D:6          Bailey (1/1)
   Lair: D:8-11

Altars:
Dithmenos
Elyvilon
Gozag
Hepliaklqana
Makhleb
Nemelex Xobeh
Okawaru
Qazlal
Ru
Sif Muna
Trog
Uskayaw
Xom
Yredelemnul
The Shining One

Shops:
D:5 :


Innate Abilities, Weirdness & Mutations

You are immune to sickness and miasma.
Your stone body is resilient. (AC +7)
You are immune to poison.
You resist negative energy. (rN+)
You are resistant to electric shocks. (rElec)
You are resistant to unholy torment.
You are immune to petrification.


Message History

The orc warlord shouts!
There is an open door, spattered with blood here.
Items here: ))) [[[ †††.
You enter the shallow water.
Moving in this stuff is going to be slow.
You see here a kobold corpse.
There is an open door here.
Things that are here:
a +0 hand axe; a +0 leather armour; a kobold corpse You see here a kobold corpse.
You see here a kobold corpse.
Things that are here:
a +0 hand axe; a +0 leather armour; a kobold corpse
There is an open door here.
Things that are here:
a +0 hand axe; a +0 leather armour
There is an open door, spattered with blood here.
Items here: ))) [[[ †††.
Press: ? - help, v - describe, . - travel
Here: an orc warlord, wielding a +3 broad axe and wearing a +0 plate armour (fire blocked by a runed translucent door) Some shallow water.
Unknown command.
Unknown command.
You gain the combat prowess of a mighty hero.
You open the gate.
You hit the orc warlord but do no damage.
The orc warlord hits you with a +3 broad axe!!
You closely miss the orc warlord. You puncture the orc warlord!
The orc warlord is lightly wounded.
The orc warlord hits you with a +3 broad axe!
You hit the orc warlord but do no damage.
The orc warlord is poisoned.
The orc warlord is lightly wounded.
The orc warlord hits you with a +3 broad axe!!
* * * LOW HITPOINT WARNING * * *
As you read the scroll of teleportation, it crumbles to dust.
You feel strangely unstable.
The orc warlord hits you with a +3 broad axe!!
You die...

.....#~~~~†#..........#
8.)).'....))..........#
..†#########......8...#
..##~~~#~~~####......##
..#~}.....~#~~#.....##
..#~!........~#....##
..##8.8...8.8~##...#
...#.........~~'...#
...#....∩....~~o@..#
...#.........~~'...#
..##8.8...8.8~##...#
..#~!........~#..))##
..#~:.....~#~~#.....##
..##~~~#~~~####......##
...#########......8...#
8....'.....'..........#
.....#~~~~~#..........#


You could see an orc warlord (very poisoned).

Vanquished Creatures
  A hornet (D:7)
  3 wyverns
  2 water moccasins
  5 orc warriors
  A sky beast (D:7)
  A black bear (D:6)
  2 ogres
  A phantom (D:3)
  3 centaurs
  A kobold brigand (D:7)
  2 bullfrogs
  3 scorpions
  A howler monkey (D:6)
  2 hounds
  6 orc priests
  A gnoll bouda (D:3)
  2 jellies
  6 orc wizards
  3 iguanas
  8 gnolls
  13 adders
  A shadow imp (D:7)
  2 ufetubi (D:5)
  A worm (D:3)
  A dart slug (D:2)
  28 orcs
  6 ball pythons
  5 bats
  8 endoplasms
  2 giant cockroaches
  11 goblins
  9 hobgoblins
  11 jackals
  29 kobolds
  6 quokkas
  5 frilled lizards
  9 rats
201 creatures vanquished.

Vanquished Creatures (others)
  4 plants (D:4)
4 creatures vanquished.

Grand Total: 205 creatures vanquished

Notes
Turn   | Place    | Note
-------+----------+-------------------------------------------
     0 | D:1      | sankara the Gargoyle Fighter began the quest for the Orb.
     0 | D:1      | Reached XP level 1. HP: 14/14 MP: 1/1
   127 | D:1      | Reached XP level 2. HP: 12/19 MP: 2/2
   585 | D:1      | Found a faded altar of an unknown god.
   817 | D:1      | Reached XP level 3. HP: 23/23 MP: 3/3
  1565 | D:2      | Identified the +12 dagger "Nafiv" {venom, rElec rPois
                  | Str+4}
  1661 | D:2      | Reached XP level 4. HP: 29/29 MP: 4/4
  1858 | D:2      | Reached skill level 4 in Armour
  2083 | D:3      | Reached skill level 1 in Short Blades
  2083 | D:3      | Noticed a scorpion
  2088 | D:3      | Killed a scorpion
  2089 | D:3      | Reached XP level 5. HP: 32/33 MP: 5/5
  2235 | D:3      | Noticed a phantom
  2249 | D:3      | Killed a phantom
  2250 | D:3      | Reached XP level 6. HP: 24/39 MP: 6/6
  3079 | D:4      | Reached skill level 1 in Stealth
  3079 | D:4      | Reached XP level 7. HP: 15/44 MP: 7/7
  3287 | D:4      | Reached skill level 5 in Fighting
  3287 | D:4      | Reached skill level 5 in Shields
  3288 | D:4      | Reached skill level 5 in Armour
  3445 | D:4      | Found an iron altar of Okawaru.
  3522 | D:4      | Became a worshipper of Warmaster Okawaru
  4133 | D:4      | Found a shimmering altar of Xom.
  4174 | D:5      | Entered Level 5 of the Dungeon
  4196 | D:5      | Reached XP level 8. HP: 50/50 MP: 8/8
  4596 | D:5      | Found Wokaonlui's Book Boutique.
  4633 | D:5      | Found a burning altar of Makhleb.
  4702 | D:5      | Reached * piety under Okawaru
  4779 | D:5      | Reached skill level 6 in Armour
  4975 | D:6      | Reached skill level 5 in Short Blades
  5639 | D:6      | Reached skill level 7 in Armour
  5642 | D:6      | Reached XP level 9. HP: 54/57 MP: 9/9
  5704 | D:6      | Found a staircase to the Ecumenical Temple.
  5710 | D:6      | Reached ** piety under Okawaru
  5711 | D:6      | Reached skill level 8 in Armour
  5722 | Temple   | Entered the Ecumenical Temple
  6266 | D:7      | Noticed a hornet
  6275 | D:7      | Killed a hornet
  6276 | D:7      | Reached skill level 1 in Invocations
  6296 | D:7      | Reached skill level 1 in Dodging
  6416 | D:7      | Reached skill level 9 in Armour
  6570 | D:7      | Reached *** piety under Okawaru
  6930 | D:8      | Found a flagged portal.
  6958 | D:8      | Reached skill level 1 in Throwing
  6974 | Bailey   | Entered a bailey
  6995 | Bailey   | Noticed an orc warlord
  7072 | Bailey   | Reached XP level 10. HP: 62/64 MP: 12/12
  7097 | Bailey   | Found a runed translucent gate.
  7099 | Bailey   | Found a runed translucent gate.
  7101 | Bailey   | Found a runed translucent gate.
  7221 | Bailey   | Slain by an orc warlord

Illustrated notes

Levels and vault maps discovered:
D:1:      dpeg_arrival_oval, layout_basic, chequers_ecumenical_altar_simple,
          minmay_crystal_room
D:2:      layout_loops_ring
D:3:      layout_loops_ring, minmay_misc_feat_cross, minivault_4
D:4:      layout_basic, general_overflow_altar, okawaru_altar_gauntlet_db,
          serial_bayou_lagoon_a
D:5:      layout_cave_pools, mainiacjoe_overflow_concentric_impassable,
          serial_shops, nicolae_lakefront_shop
D:6:      layout_rooms, temple_fountains
D:7:      layout_cave_pools
D:8:      layout_loops_ring, enter_bailey_3, special_room [special_room_orc],
          minivault_26, minmay_ruined_shrine
Temple:   hc_temple_tempest_star
Bailey:   bailey_axe_bossmonster_kennysheep, bailey

Skill      XL: |  1  2  3  4  5  6  7  8  9 |
---------------+----------------------------+-----
Armour         | 4 5 7 9 |  9.4
Fighting       | 4 5 7 |  7.9
Shields        | 4 5 |  5.0
Short Blades   | 1 2 3 5 |  5.0
Stealth        | 1 3 |  3.0
Invocations    | 3 |  3.3
Dodging        | 2 |  2.3
Throwing       | 1 |  1.6
Maces & Flails | |  2.9
Evocations     | |  0.9

Action                   |  1- 3 |  4- 6 |  7- 9 | 10-12 || total
-------------------------+-------+-------+-------+-------++-------
Melee: Flail             |   127 |       |       |       ||   127
       Dagger            |     5 |   109 |   300 |    15 ||   429
Throw: Dart              |       |       |     1 |       ||     1
Invok: Heroism           |       |       |       |     1 ||     1
  Use: Scroll            |       |       |     7 |     1 ||     8
Armor: Scale mail        |    36 |       |       |       ||    36
       Chain mail        |    48 |    55 |    89 |       ||   192
       Plate armour      |       |       |    65 |     3 ||    68
Dodge: Dodged            |    56 |    24 |    73 |     5 ||   158
       Repelled          |       |       |     1 |       ||     1
Block: Buckler           |    26 |    21 |    60 |     1 ||   108
